[Event "E World Cup 2023"]
[Site "Chess.com"]
[Date "2023.08.22"]
[Round "8"]
[White "Abbasov, Nijat"]
[Black "Caruana, Fabiano"]
[Result "1-0"]
[WhiteElo "2646"]
[BlackElo "2782"]
[ECO "E05"]
[EventDate "2023.??.??"]
[Annotator "rafael"]
[PlyCount "51"]
[Beauty "8247008301065"]
[EventType "team-tourn"]
[EventCountry "FID"]
[TimeControl "40/5400+30:1800+30"]

1.d4 Nf6 2.Nf3 d5 3.c4 e6 4.g3 Be7 5.Bg2 O-O 6.O-O dxc4 7.Qc2 a6 8.a4 Bd7 9.Qxc4 Bc6 10.Bg5 Nbd7 11.Nc3 h6 {This is one of the main lines of the Catalan Opening. The next move is a small surprise, as it is much less common than taking the knight on f6.} 12.Bf4 ( 12.Bxf6 {is the most popular move and was played a couple of times against Caruana in 2023.} ) 12...Bd6 13.Qd3 {Played only once, in a correspondence game.} ( 13.Bxd6 cxd6 {with an equal position.} ) ( 13.Bd2 {is also possible.} ) 13...Bxf4 14.gxf4 a5 {A novelty. Fixing the pawn structure this way is typical in the Catalan. Black has many alternatives:} ( 14...Qe7 15.e4 Rad8 16.Qe3 {with some pressure for White in Kornyushin-Oren, email 2018.} ) ( 14...Nd5 {is interesting, to exchange the knights and give Black some relief.} 15.Nxd5 Bxd5 16.e4 Bc6 17.Qe3 Nb6 {with chances for both sides.} ) ( 14...b5 {is also interesting, a dynamic move to gain space on the queenside. If White takes the pawn, the position simplifies after:} 15.axb5 axb5 16.Nxb5 Rxa1 17.Rxa1 Qb8 {The b2-pawn will be captured, with a likely draw.} ) 15.Kh1 Bxf3 $6 {[%c_effect f3;square;f3;type;Inaccuracy;persistent;true] I don't think this capture is necessary.} ( 15...Nd5 ) ( 15...Qe7 ) 16.Bxf3 c6 {With a good pawn structure and the g-file ready to be used, it's clear that White's position is more pleasant.} 17.Rg1 ( 17.e4 $1 {[%c_effect e4;square;e4;type;GreatFind;persistent;true] is more accurate, avoiding ...Nd5.} ) 17...Kh8 ( 17...Nd5 $1 18.e3 N7f6 {Followed by Kh8-Rg8, and it's harder for White to attack since the e4-e5 advance is impossible.} ) 18.e4 $1 Qe7 19.Rg3 ( 19.e5 $1 {[%c_effect e5;square;e5;type;GreatFind;persistent;true] is even stronger. White already has a clear advantage, for instance:} 19...Nd5 $6 20.Bxd5 cxd5 21.f5 {with a strong attack.} ) 19...Rad8 20.Rag1 Rg8 21.e5 Nh7 ( 21...Nd5 $2 {[%c_effect d5;square;d5;type;Mistake;persistent;true] is a more natural square, but a mistake.} 22.Nxd5 ( 22.Bxd5 {is also good.} 22...cxd5 ( 22...exd5 23.f5 ) 23.Nb5 {with a winning positional advantage.} ) 22...cxd5 23.f5 {with an overwhelming advantage.} ) 22.Qe3 $6 {[%c_effect e3;square;e3;type;Inaccuracy;persistent;true] Not very convincing.} ( 22.Ne4 {is the most natural move:} 22...Nb6 23.f5 $1 ( 23.Nd6 Nc8 {doesn't give much to White.} ) 23...exf5 24.Nd6 {Now Black has to sacrifice the exchange.} 24...Rxd6 25.exd6 Qe6 $1 {[%c_effect e6;square;e6;type;GreatFind;persistent;true] The game becomes double-edged: it seems Black has decent play.} ( 25...Qxd6 {is bad:} 26.Qxf5 Nf6 27.Qxa5 Qxd4 28.Qa7 $1 {[%c_effect a7;square;a7;type;GreatFind;persistent;true] with a big advantage for White.} ) ) ( 22.Ne2 {is a difficult move to find, and the computer's suggestion. The plan is to follow up with 23.Qc3 attacking the a-pawn.} 22...Nb6 23.f5 $1 {[%c_effect f5;square;f5;type;GreatFind;persistent;true] Now this move is possible since the knight cannot take on e5. White has the advantage.} ) 22...Nb6 ( 22...f5 $1 {[%c_effect f5;square;f5;type;GreatFind;persistent;true] The advance of the f-pawn is an important resource for Black. It gains space, and if White captures en passant, his structure is weakened. Black's knight would also be able to reach d5 more efficiently.} 23.Bd1 ( 23.exf6 Ndxf6 {with a good position for Black.} ( 23...Nhxf6 ) ) 23...Nb6 24.Bb3 Nf8 {with an equal position.} ) 23.Be4 Qb4 $4 {[%c_effect b4;square;b4;type;Blunder;persistent;true] A blunder that loses the game immediately.} ( 23...g6 {was suggested by Abasov in the post-game interview.} ) ( 23...f5 $1 {[%c_effect f5;square;f5;type;GreatFind;persistent;true] is the most accurate. Black is not worse.} 24.exf6 ( 24.Bb1 Nf8 {with a solid position.} ) 24...Nxf6 25.Bb1 Qd6 {with counterplay.} ) 24.Bxh7 $1 Kxh7 25.Ne4 {There are too many pieces on the attack.} 25...Qe7 ( 25...Qxd4 26.Ng5+ ( 26.Nf6+ {also wins.} ) 26...Kh8 ( 26...hxg5 27.Rh3+ Kg6 28.Rxg5# ) 27.Nxf7+ ) 26.f5 {The attack cannot be stopped. A shocking defeat for Caruana and another great game in Abasov's memorable tournament.} ( 26.f5 exf5 ( 26...Nd5 27.f6 Nxe3 28.Rxg7+ Rxg7 29.Rxg7+ Kh8 30.fxe7 {winning.} ) 27.Nf6+ $1 gxf6 ( 27...Kh8 28.Qxh6+ gxh6 29.Rxg8+ Rxg8 30.Rxg8# ) 28.Qxh6+ Kxh6 29.Rh3# ) 1-0

[Event "E World Cup 2023"]
[Site "Chess.com"]
[Date "2023.08.23"]
[Round "8"]
[White "Caruana, Fabiano"]
[Black "Abbasov, Nijat"]
[Result "1-0"]
[WhiteElo "2782"]
[BlackElo "2646"]
[ECO "B45"]
[EventDate "2023.??.??"]
[Annotator "rafael"]
[PlyCount "117"]
[Beauty "6460167696930"]
[EventType "team-tourn"]
[EventCountry "FID"]
[TimeControl "40/5400+30:1800+30"]

1.e4 c5 2.Nf3 e6 {Abasov chooses this move order probably to avoid the fight in the Rossolimo Variation (2...Nc6 3.Bb5).} 3.d4 cxd4 4.Nxd4 Nc6 5.Nc3 Nf6 6.Bf4 $5 {[%c_effect f4;square;f4;type;Interesting;persistent;true] As I have written many times, I believe Caruana is the player with the best opening preparation in the world. He always comes with all sorts of ideas, be it a new plan, a forgotten move, or the 10th choice of the computer. Coupled with that, he has a fantastic memory and is able to replicate his analysis during the game.} 6...Bb4 ( 6...d6 {is the choice to invite White to the Sveshnikov with 7.Ndb5, an invitation that Caruana would certainly refuse, although the position is playable for Black against the alternatives.} 7.Bg3 $5 {[%c_effect g3;square;g3;type;Interesting;persistent;true] This is probably the most cunning move.} ( 7.Ndb5 e5 8.Bg5 {leads to the Sveshnikov.} ) ( 7.Nxc6 bxc6 8.e5 Nd5 9.Nxd5 cxd5 {doesn't look very dangerous for Black.} ) ) 7.Nb5 $1 Nxe4 {Abasov chooses the most critical line.} ( 7...O-O {is known to lead to a better position for White after} 8.Bc7 Qe7 9.Bd6 Bxd6 10.Qxd6 ) 8.Qf3 d5 9.Nc7+ Kf8 {An interesting and double-edged position that has been discussed in important games in 2023.} 10.O-O-O $5 {[%c_effect c1;square;c1;type;Interesting;persistent;true] It's possible that Abasov was caught by surprise by this move, which is not the most popular choice.} ( 10.Nxa8 {is the beginning of a long forced line that has been played in several games, including an important grandmaster meeting in the classical time control this year.} 10...e5 11.Bd2 Nd4 12.Qd1 Qh4 13.g3 Qf6 14.Nxe4 Nf3+ 15.Qxf3 Qxf3 16.Bxb4+ Kg8 17.Nd6 Qxh1 18.O-O-O Be6 19.Nc7 Qxh2 20.Nxd5 Bxd5 21.Rxd5 Qxf2 {Believe it or not, there are 12 games in this position, including the big clash Grandelius-Gelfand, Malmo 2023, which ended in a draw.} ) 10...Bxc3 11.bxc3 Qe7 $6 {[%c_effect e7;square;e7;type;Inaccuracy;persistent;true] Only the fourth most popular move. 11...g5, 11...e5 and 11...Rb8 are better. Of course it's easier to know this with the engines on and with access to the databases. Without having studied it beforehand, the position is very difficult to play.} ( 11...g5 12.Bg3 $1 ( 12.Qxe4 Qxc7 $1 13.Bxc7 dxe4 {is a level endgame and a big relief for Black.} ) 12...Rb8 13.Bb5 {with a complicated game. Caruana's analysis certainly continues much further.} ) ( 11...e5 12.Nxd5 f5 $1 {[%c_effect f5;square;f5;type;GreatFind;persistent;true] A strong computer move.} ( 12...Ng5 $6 {[%c_effect g5;square;g5;type;Inaccuracy;persistent;true] is the main move, but this leads to a strong attack for White after} 13.Qe3 $1 exf4 14.Qc5+ Ke8 ( 14...Kg8 15.Ne7+ $1 Qxe7 16.Qxe7 Nxe7 17.Rd8# ) 15.Bb5 Ne6 16.Rhe1 Bd7 17.Qd6 Rc8 {The line after the piece sacrifice was relatively easy to understand, but now I ask the reader's attention to the following move, considered the clear best by the machine:} 18.g4 $3 {[%c_effect g4;square;g4;type;Brilliant;persistent;true] A sublime novelty and one of the best moves I've seen in my life. The idea is to prevent h5-Rh6. If Black captures en passant, then the f-pawn is ready to be advanced. The analysis of this position would take us too far, but White has very good compensation for the piece.} ) 13.Bg3 ( 13.Be3 {is also possible:} 13...Qa5 14.Bc4 {with a complicated fight in Dotzer-Kharitonov, Batumi 2022.} ) 13...Qa5 14.Bc4 {with an unclear game.} ) ( 11...Rb8 12.Nxd5 {Caruana likely had a sharper move prepared.} ( 12.Bc4 $5 ) 12...exd5 13.Qxe4 dxe4 14.Rxd8+ Nxd8 15.Bxb8 a6 {The position is close to equal. Nunn-Andersson, London 1984.} ) 12.c4 $1 Qf6 $6 ( 12...Nb4 $1 {[%c_effect b4;square;b4;type;GreatFind;persistent;true] is a better attempt.} 13.cxd5 ( 13.a3 $6 Na2+ 14.Kb2 Nac3 15.Rd3 e5 $1 {[%c_effect e5;square;e5;type;GreatFind;persistent;true] with good play for Black in this chaotic position.} ) ( 13.Kb2 e5 $1 14.Nxa8 exf4 {with a total mess on the board.} ) 13...Nxa2+ 14.Kb2 Nac3 15.Rd4 $1 e5 16.d6 $5 ( 16.Rc4 exf4 17.Nxa8 Bd7 18.Rxc3 Qb4+ 19.Rb3 Qd4+ {with good counterplay for Black.} ) 16...Qf6 $1 ( 16...Nxd6 $2 17.Qxc3 ) 17.Rxe4 Nxe4 18.Bc1 $1 Qxf3 ( 18...Qxd6 19.Nxa8 ) 19.gxf3 Nxf2 20.Rg1 Rb8 21.Bc4 {and after this cat-and-mouse fight we arrive at an endgame that is equally complicated, but White's chances are preferable.} ) 13.c3 $1 {[%c_effect c3;square;c3;type;GreatFind;persistent;true] Caruana blitzed this move as well and mentioned in the interview that it had been played before in a girl's under-14 tournament where White played a great game. This is his level of preparation and memory.} 13...g5 ( 13...Qe7 {This move was played in the aforementioned game.} 14.Kb2 g5 15.Bg3 Nxg3 16.Qxg3 Rb8 17.cxd5 {with a winning position for White in Yu-Schulz Wch U14 Kemer 2007.} ) 14.Bd6+ $1 {[%c_effect d6;square;d6;type;GreatFind;persistent;true] Caruana also considered taking on d5, but the move played is much better.} ( 14.cxd5 gxf4 15.dxc6 ( 15.Qxe4 Qxc3+ 16.Kb1 exd5 ) 15...Nxc3 {and matters are not so clear.} ) 14...Kg7 15.Qxf6+ Kxf6 16.Nxa8 Nxd6 17.cxd5 exd5 18.f3 $1 {[%c_effect f3;square;f3;type;GreatFind;persistent;true] An accurate move, taking the e4-square from Black's knight.} ( 18.Nc7 Ne4 ) 18...Nf5 19.Nc7 d4 20.Bb5 $6 {[%c_effect b5;square;b5;type;Inaccuracy;persistent;true] An inaccuracy that gives Black saving chances.} ( 20.cxd4 {should lead to a technical win, for instance:} 20...Nfxd4 21.Bc4 Bf5 22.Kb2 Rc8 23.Nd5+ Kg7 24.h4 h6 25.Ne3 Bg6 26.h5 Bh7 27.Rhe1 {and Black won't resist for long.} ) 20...Ne3 21.Rd2 Bd7 $1 {[%c_effect d7;square;d7;type;GreatFind;persistent;true] Preparing 22...Rc8.} ( 21...dxc3 $2 22.Re2 Nf5 23.Bxc6 bxc6 24.Rd1 {Black's bishop is stuck and White has an easy win.} ) 22.Re1 $1 Rc8 23.Rxe3 Rxc7 24.Re4 dxc3 $6 {[%c_effect c3;square;c3;type;Inaccuracy;persistent;true] This makes White's life easier.} ( 24...Bf5 25.Bxc6 Rxc6 26.Rexd4 Rxc3+ 27.Kb2 Rc5 {It's hard to say whether White can win this endgame, but he always has chances due to Black's pawn on g5.} ) ( 24...Be6 {is also possible.} ) 25.Rd6+ Kg7 ( 25...Be6 26.Bxc6 bxc6 27.Rc4 $1 ) 26.Re3 ( 26.Rd5 $1 {[%c_effect d5;square;d5;type;GreatFind;persistent;true] is stronger:} 26...h6 27.Rc5 a6 28.Ba4 {with excellent winning chances.} ) 26...a6 ( 26...Be6 27.Bxc6 bxc6 28.a4 $1 Bd5 29.Rd8 Rb7 30.Rxc3 Rb4 31.Ra3 {with good winning chances.} ) 27.Ba4 $1 Be6 28.Bxc6 bxc6 29.Rxc3 ( 29.a3 {Caruana mentioned the following variation in the interview:} 29...Bd5 30.Rd8 $1 Rb7 31.Rxc3 Rb5 32.Ra8 Ra5 {with drawing chances. A shockingly accurate variation and assessment.} ) ( 29.a4 {also deserves consideration.} ) 29...Bxa2 30.Rcxc6 Re7 31.Rxa6 Re2 32.Rd2 Re1+ 33.Kb2 Be6 {It's hard to say if this endgame is winning or not. Even Caruana couldn't tell it for sure. The problem for Black is this pawn on g5 and the fact that he can never trade rooks.} 34.Ra1 Re5 35.Kc3 h6 36.Kd4 Rb5 37.Ke3 Rb3+ 38.Kf2 Rb4 {Abasov probably waited too much. The computer suggests 38...g4 in this position.} ( 38...g4 39.fxg4 Bxg4 {I believe White should eventually win this endgame, but it will take some time.} ) 39.Ra5 Rh4 40.h3 Rb4 41.Kg3 {Caruana felt happy after the king went to the kingside. He is now ready to prepare h3-h4.} 41...Kf6 42.Re2 Bf5 43.Ree5 Bg6 44.Reb5 Rc4 45.Rb6+ Kg7 46.Rab5 Rc2 47.Rb2 Rc4 48.R2b4 Rc5 49.R6b5 Rc2 50.Rd5 Ra2 51.h4 $1 {[%c_effect h4;square;h4;type;GreatFind;persistent;true] Finally $1} 51...gxh4+ 52.Rxh4 h5 53.Rb4 Rc2 54.f4 $1 Kf6 55.Rg5 Rc6 ( 55...Rc1 {is more stubborn, preparing a check if the king goes to h4.} 56.Ra5 Rc2 57.Rb6+ Kg7 58.f5 Bh7 59.Rb7 {Followed by 60.Raa7. Of course this endgame could still be analyzed many moves more, but for now it suffices to say that White is winning.} ) 56.Kh4 $1 Re6 57.f5 $1 Bxf5 58.Rf4 Re5 59.Rxh5 ( 59.Rxh5 Ke6 60.g4 Bg6 61.Rxe5+ Kxe5 62.Kg5 {The king goes to g7 and White wins easily.} ) 1-0

[Event "E World Cup 2023"]
[Site "Chess.com"]
[Date "2023.08.24"]
[Round "8"]
[White "Praggnanandhaa, R."]
[Black "Carlsen, Magnus"]
[Result "0-1"]
[WhiteElo "2707"]
[BlackElo "2835"]
[ECO "C50"]
[EventDate "2023.??.??"]
[Annotator "rafael"]
[PlyCount "94"]
[Beauty "7148167757833"]
[EventType "team-tourn"]
[EventCountry "FID"]
[TimeControl "40/5400+30:1800+30"]

1.e4 e5 2.Nf3 Nc6 3.Bc4 Nf6 4.d3 Bc5 5.a4 {Just the 10th most popular move in this position. All sorts of move orders are possible in the Italian Opening.} 5...d6 6.O-O a5 7.Be3 Bxe3 8.fxe3 O-O 9.Nbd2 Ne7 {This natural move is a novelty. Black wants to move the knight to g6 and play …c6-d5.} ( 9...Be6 10.h3 Bxc4 11.Nxc4 Qe7 12.Rf2 b6 {was equal and soon finished in a draw: Aronian-Giri, Wijk aan Zee 2023.} ) 10.Nh4 $1 {The standard reply.} 10...c6 ( 10...Ng6 {is also possible.} 11.Nxg6 ( 11.Nf5 c6 {is not dangerous.} ) 11...hxg6 12.Nf3 Nh7 $1 {an important move to avoid Nf3-g5. Black is ready to continue with Qe7 and Be6, with a roughly equal position.} ) 11.Qe1 {The queen goes to g3, supporting the attack.} 11...d5 12.Bb3 Qd6 $6 {This is a small inaccuracy that gives White the initiative.} ( 12...Be6 {is correct:} 13.Qg3 Nd7 $1 {with an equal game.} ) 13.Qg3 {The e5-pawn is now pinned and White is ready to make use of this by playing d3-d4.} 13...Nh5 $1 {A good defensive move, removing the queen from its unpleasant position.} 14.Qg5 ( 14.Qf3 {is also possible and Black's best is to return the knight to f6.} 14...Nf6 ) 14...g6 $6 {This is a dangerous choice. It was better to return the knight to f6.} ( 14...Nf6 15.h3 $5 h6 16.Qg3 Nh5 17.Qh2 {with some pressure for White.} ) 15.Nf5 $6 {This is a rushed move that closes the f-file and allows Black to level the game again.} ( 15.d4 exd4 16.exd4 f6 17.Qh6 Be6 {White has a small advantage with good central control and active pieces, but Black is holding.} ) ( 15.Nhf3 $1 {This is the best move.} 15...f6 16.Qh4 Ng7 {Now White has several tempting continuations.} 17.Rae1 {is the simplest, leading to a very unpleasant position for Black.} ( 17.d4 {is a creative idea:} 17...exd4 18.e5 $5 {The point is that after} 18...fxe5 $6 {White achieves a strong attack with} 19.Ne4 $1 Qc7 20.Nfg5 ) ( 17.c4 {is also very good:} 17...Be6 18.cxd5 cxd5 19.d4 {with the advantage.} ) ) 15...Bxf5 16.exf5 Kg7 {The f-file is closed and the bishop on b3 is no longer so dangerous. Black has a fine position.} 17.Kh1 $6 {This move is not very useful.} ( 17.Rf2 ) ( 17.Rae1 ) 17...Qf6 $1 {Forcing a queen exchange.} 18.Qxf6+ ( 18.Qg4 $2 {loses a pawn after} 18...Nxf5 19.e4 Ne3 ) 18...Nxf6 19.fxg6 hxg6 $1 {The best way to capture, opening the h-file.} ( 19...fxg6 20.e4 {with an equal position.} ) 20.e4 dxe4 ( 20...Rad8 {keeping the central tension was more unpleasant for White. Black's plan is Nd7-c5.} ) 21.dxe4 ( 21.Nxe4 {is also playable:} 21...Nxe4 22.dxe4 Rad8 23.Rad1 f5 {with some slight pressure for Black.} ) 21...Rad8 22.Rf2 Rd4 {Not the best, since now the e7-knight will be forced into an awkward square.} ( 22...Nd7 {is a good alternative, although White defends after} 23.c3 Nc5 24.Bc2 ) 23.Raf1 Neg8 ( 23...Nxe4 {leads to a draw after} 24.Nxe4 Rxe4 25.Rxf7+ Rxf7 26.Rxf7+ Kh6 27.Kg1 Nf5 28.Rxb7 Re2 ) 24.c3 Rd7 25.Re2 {Protecting the pawn and preparing Nc4.} 25...Re7 26.Bc2 ( 26.Nc4 {is possible:} 26...Ra8 ( 26...b5 {This is the machine's favorite move, sacrificing a pawn in order to achieve activity and a draw.} 27.Nxa5 Rc7 {with enough compensation.} ) 27.Nb6 Rd8 28.Bc2 {with a slight advantage for White.} ) 26...Nd7 27.Nc4 Ra8 28.g4 $6 {A compromising move that weakens the dark squares, although this mistake was not immediately exploited by Carlsen.} ( 28.Ref2 {is better, with an equal position.} ) 28...f6 $6 ( 28...Ngf6 $1 {is stronger:} 29.h3 ( 29.g5 Nh5 {White has created weaknesses in his own camp.} ) 29...Nc5 {with advantage for Black.} ) 29.Rg2 {White's g-pawn advance is now justified.} 29...Nh6 30.g5 fxg5 31.Rxg5 Nf7 32.Rg2 ( 32.Rg3 $1 {The rook is more useful on this square, since it has more scope on the third rank.} 32...Re6 33.Ne3 Rf6 34.Rfg1 {with a small advantage for White.} ) 32...Re6 $1 33.Rd2 ( 33.Ne3 Rf6 34.Rfg1 Nf8 35.Bb3 {with equality.} ) 33...Rf6 34.Rxf6 Nxf6 35.b4 axb4 36.cxb4 Kf8 {Black wants to play Ke7-Rh8 and start an attack with rook and knights.} 37.Kg2 ( 37.Nb6 $1 {In hindsight, it makes sense for White to exchange one of the knights.} 37...Re8 38.Nd7+ Nxd7 39.Rxd7 Re7 40.Rd2 {with a likely draw.} ) 37...Ke7 38.a5 Rh8 $1 {Praggnandhaa was very low on time and the position is not easy to defend, although still objectively equal.} 39.Re2 $6 ( 39.Bd3 $1 {I like this move, preparing to bring the bishop to f1 to help the kingside against Black's knights, for instance:} 39...Nh5 40.Bf1 Nf4+ 41.Kf3 ) 39...Nh5 $1 40.Kg1 Nf4 41.Rd2 Rh3 $1 {Watching the game live and observing White with only seconds left I was sure at this point that Carlsen would win the game.} 42.a6 $2 {The losing move.} ( 42.Bd1 $1 {According to the computer, this difficult move is the only chance. The bishop controls the f3-square and may go to g4 in some lines. If Black tries} 42...Rc3 {then} 43.Rc2 $1 Rb3 44.Rb2 $1 {with chances of survival.} ) 42...bxa6 43.Ba4 Rc3 ( 43...Ng5 $1 {is even stronger.} ) 44.Na5 ( 44.Rc2 {is the only chance.} ) 44...Ng5 $1 45.Rc2 Ngh3+ $1 {Carlsen quickly spotted the winning continuation.} 46.Kf1 Ra3 $1 47.Nxc6+ Kf6 {The bishop is lost and White's king is caught in an amusing mating net. With this World Cup victory, Carlsen completes every possible title in chess. As a fan, I'm happy for him, but a little worried too: I hope he still has the motivation to keep playing classical tournaments.} 0-1